 Dungeon Crawl Stone Soup version 0.29.1-2-gbd0b4ee654 (webtiles) character file.

Game seed: 16235986311698847002

10661 TickTock the Cleaver (level 11, -9/102 HPs)
             Began as a Minotaur Berserker on Nov 8, 2022.
             Was a High Priest of Trog.
             Killed by the air
             ... invoked by Gastronok
              (33 damage)
             ... on level 1 of the Lair of Beasts on Nov 11, 2022.
             The game lasted 01:01:26 (12541 turns).

TickTock the Cleaver (Minotaur Berserker)          Turns: 12541, Time: 01:01:29

Health: -9/102     AC:  8    Str: 26    XL:     11   Next: 39%
Magic:  10/10      EV: 30    Int:  4    God:    Trog [*****.]
Gold:   503        SH:  0    Dex: 13    Spells: 10/10 levels left

rFire   . . .      SeeInvis +   I - +3 broad axe of Terra Nullius {freeze, Dex+3}
rCold   + + +      Faith    .   (no shield)
rNeg    . . .      Spirit   .   m - +4 skin of Zhor {*Englaciate rC+++ SInv}
rPois   .          Reflect  .   (helmet restricted)
rElec   .          Harm     .   (no cloak)
rCorr   .          Rampage  .   w - +0 pair of gloves
Will    .....                   (no boots)
Stlth   +.........              v - amulet of the acrobat
HPRegen 0.27/turn               u - ring of see invisible
MPRegen 0.12/turn               (no ring)

@: about to teleport, acrobatic, hasted, very quick
A: horns 2, retaliatory headbutt
a: Renounce Religion, Berserk, Trog's Hand, Brothers in Arms


You were on level 1 of the Lair of Beasts.
You worshipped Trog.
Trog was extremely pleased with you.
You visited 3 branches of the dungeon, and saw 10 of its levels.
You also visited: Sewer and Bailey.

You collected 503 gold pieces.

Inventory:

Hand Weapons
 b - a +3 antimagic great mace
 x - a +2 spear of flaming
 A - a +4 eveningstar of protection
 G - a +6 flail of draining
 I - the +3 broad axe of Terra Nullius (weapon) {freeze, Dex+3}
   (You acquired it in a bailey)

   It freezes those it strikes, dealing additional cold damage.
   It can also slow down cold-blooded creatures.
   Dex:       It affects your dexterity (+3).
 M - a +2 war axe
 P - a +0 broad axe
Missiles
 n - 59 stones (quivered)
 W - 11 poisoned darts
Armour
 a - a +3 chain mail
 m - the +4 skin of Zhor (worn) {*Englaciate rC+++ SInv}
   (You took it off an orc in a bailey)

   It radiates cold, occasionally slowing all nearby creatures who are not
   resistant to cold.
   rC:        It renders you almost immune to cold.
   SInv:      It lets you see invisible.
 w - a +0 pair of gloves (worn)
 X - a +2 scale mail of fire resistance
Jewellery
 u - a ring of see invisible (left hand)
 v - an amulet of the acrobat (around neck)
 U - an amulet of reflection
Wands
 Y - a wand of paralysis (13)
 Z - a wand of flame (8)
Scrolls
 d - 2 scrolls of fear
 j - 4 scrolls of teleportation
 l - 3 scrolls of identify
 t - a scroll of torment {unknown}
 y - 3 scrolls of fog
 D - a scroll of silence {unknown}
 F - 2 scrolls of immolation {unknown}
 H - a scroll of brand weapon {unknown}
 L - 3 scrolls of enchant armour
 O - a scroll of noise {unknown}
 R - 2 scrolls of amnesia {unknown}
 S - a scroll of magic mapping {unknown}
Potions
 e - 2 potions of curing
 f - a potion of heal wounds
 g - a potion of flight {unknown}
 h - a potion of haste
 k - a potion of resistance {unknown}
 o - 2 potions of cancellation {unknown}
 q - a potion of magic {unknown}
 s - a potion of brilliance {unknown}
 z - a potion of might {unknown}
 B - 2 potions of mutation
 E - 2 potions of attraction {unknown}
 J - a potion of lignification {unknown}
 N - a potion of invisibility {unknown}
 T - a potion of degeneration {unknown}
 V - 3 potions of ambrosia {unknown}


   Skills:
 - Level 11.2 Fighting
 * Level 14.6(15.2) Axes
 - Level 7.2(11.9) Maces & Flails
 - Level 0.2 Throwing
 - Level 9.0 Armour
 - Level 7.1 Dodging
 - Level 0.3 Stealth
 - Level 3.9 Evocations


You had 10 spell levels left.
You didn't know any spells.
Your spell library was empty.

Dungeon Overview and Level Annotations

Branches:
Dungeon (8/15)             Temple (1/1) D:4            Lair (1/5) D:8
  Sewer (visited)          Bailey (visited)

Altars:
Ashenzari
Cheibriados
Dithmenos
Elyvilon
Fedhas
Gozag
Hepliaklqana
Kikubaaqudgha
Makhleb
Nemelex Xobeh
Okawaru
Qazlal
Ru
Sif Muna
Trog
Uskayaw
Vehumet
Wu Jian
Xom
Yredelemnul
Zin
The Shining One

Annotations:
Lair:1 Gastronok


Innate Abilities, Weirdness & Mutations

You have a pair of horns on your head.
You reflexively headbutt those who attack you in melee.


Message History

Throw: throwing net
Press: ? - help, Q - select action, (/) - cycle Shift-Dir - straight line, f/p - Gastronok
Aim: Gastronok, wearing a +0 hat of intelligence (94% to hit, immune to nets)
You throw a throwing net. The throwing net hits Gastronok.
Gastronok is too large for the net to hold!
Gastronok waves his eye-stalks in wide circles.
The air twists around and strikes you!!
Throw: 60 stones
Press: ? - help, Q - select action, (/) - cycle Shift-Dir - straight line, f/p - Gastronok
Aim: Gastronok, wearing a +0 hat of intelligence (94% to hit)
You throw a stone. The stone barely misses Gastronok.
Okay, then.
You feel yourself speed up.
You slash Gastronok! You freeze Gastronok. You headbutt Gastronok!
Gastronok is lightly wounded.
You radiate an aura of cold.
Gastronok resists.
You hit Gastronok. You freeze Gastronok.
Gastronok is lightly wounded.
You slash Gastronok! You freeze Gastronok.
Gastronok is moderately wounded.
You slice Gastronok!! You freeze Gastronok!
Gastronok is heavily wounded.
Gastronok bites you!!
* * * LOW HITPOINT WARNING * * *
As you read the scroll of teleportation, it crumbles to dust.
You feel strangely unstable.
As you read the scroll of summoning, it crumbles to dust.
Wisps of shadow whirl around you...
You feel better. Gastronok bites you.
* * * LOW HITPOINT WARNING * * *
Your black mamba bites Gastronok!
Your bullfrog hits Gastronok!
Your black mamba bites Gastronok!!
You radiate an aura of cold.
Your black bear seems to slow down.
Your black mamba seems to slow down.
Your bullfrog seems to slow down.
Gastronok resists.
Your bullfrog hits Gastronok.
Your black mamba bites Gastronok!
Gastronok waves his eye-stalks in wide circles.
The air twists around and strikes you!!
You die...

.##.............##...##.......##
........................##...##
.#....#...........##....#...##
##......#.....#P...#....#..##
.......##..................#
..........#####............##
.........## #..##.#.......#
.>........# ##......P#.##.#
########.## #.@.....####### ##
###......## #.......†.#
#....Sh.#.# #..#..Fw.###
#.##....## #. ###(## . #...#
#.†#.#


You could see Gastronok (ally target), a friendly black mamba (summoned, slow),
a friendly black bear (summoned, slow) and a friendly bullfrog (summoned, slow).

Vanquished Creatures
  An orc high priest (Bailey)
  A cyclops (D:8)
  An orc sorcerer (Bailey)
  A gargoyle (D:8)
  Maggie (D:7)
  A komodo dragon (Lair:1)
  An efreet (D:8)
  Grinder (D:5)
  5 blink frogs (Lair:1)
  Sigmund (D:6)
  A wyvern (Lair:1)
  A vampire (D:8)
  A steam dragon (D:8)
  Menkaure (D:7)
  2 water moccasins
  Duvessa (D:7)
  15 orc warriors
  2 ice beasts (D:5)
  A black bear (D:6)
  5 ogres
  A centaur (D:8)
  3 gnoll sergeants
  6 kobold brigands
  3 bullfrogs
  3 necrophages (D:5)
  6 scorpions
  4 wights (D:6)
  Dowan (D:7)
  3 electric eels (Bailey)
  7 howler monkeys
  3 hounds
  2 jellies
  2 orc priests (D:3)
  An iguana (D:4)
  7 orc wizards
  25 gnolls
  5 river rats (Sewer)
  11 adders
  A shadow imp (D:4)
  6 white imps
  9 ufetubi
  7 worms
  A dart slug (D:1)
  26 orcs
  9 ball pythons
  7 endoplasms
  5 giant cockroaches
  12 goblins
  10 hobgoblins
  3 jackals (D:3)
  3 quokkas
  3 bats (D:3)
  3 frilled lizards
  17 kobolds
  7 rats
266 creatures vanquished.

Vanquished Creatures (others)
  2 demonic plants (D:4)
2 creatures vanquished.

Grand Total: 268 creatures vanquished

Notes
Turn   | Place    | Note
-------+----------+-------------------------------------------
     0 | D:1      | TickTock the Minotaur Berserker began the quest for the
                  | Orb.
     0 | D:1      | Reached XP level 1. HP: 19/19 MP: 0/0
   569 | D:1      | Reached skill level 4 in Axes
   569 | D:1      | Reached XP level 2. HP: 25/27 MP: 1/1
  1015 | D:2      | Reached XP level 3. HP: 34/34 MP: 2/2
  1468 | D:2      | Noticed a scorpion
  1474 | D:2      | Killed a scorpion
  1475 | D:2      | Reached skill level 5 in Axes
  1475 | D:2      | Reached XP level 4. HP: 41/41 MP: 3/3
  2433 | D:3      | Reached skill level 5 in Fighting
  2433 | D:3      | Reached XP level 5. HP: 46/48 MP: 4/4
  2500 | D:3      | Reached skill level 6 in Axes
  3033 | D:3      | Reached ** piety under Trog
  3222 | D:3      | Reached XP level 6. HP: 56/56 MP: 5/5
  3497 | D:3      | Found an ancient bone altar of Kikubaaqudgha.
  3733 | D:4      | Found a burning altar of Makhleb.
  3748 | D:4      | Reached skill level 7 in Axes
  3748 | D:4      | Reached skill level 1 in Evocations
  3888 | D:4      | Found a staircase to the Ecumenical Temple.
  3912 | Temple   | Entered the Ecumenical Temple
  4205 | D:4      | Found a snail-covered altar of Cheibriados.
  4241 | D:4      | Found the +6 lightning scales {swift, rElec}
  4395 | D:4      | Reached XP level 7. HP: 41/62 MP: 6/6
  4873 | D:5      | Entered Level 5 of the Dungeon
  4893 | D:5      | Reached skill level 8 in Axes
  4924 | D:5      | Noticed Grinder
  4928 | D:5      | Paralysed by Grinder for 3 turns
  5265 | D:5      | Killed Grinder
  5266 | D:5      | Reached skill level 9 in Axes
  5266 | D:5      | Reached XP level 8. HP: 71/71 MP: 7/7
  5276 | D:5      | Reached skill level 10 in Fighting
  5276 | D:5      | Reached skill level 11 in Axes
  5276 | D:5      | Reached XP level 9. HP: 85/85 MP: 8/8
  5429 | D:5      | Reached *** piety under Trog
  5874 | D:5      | Reached skill level 1 in Maces & Flails
  5927 | D:5      | Found a shadowy altar of Dithmenos.
  6578 | D:6      | Found a bloodstained altar of Trog.
  6788 | D:6      | Found a glowing drain.
  6797 | Sewer    | Entered a sewer
  7390 | Sewer    | Reached **** piety under Trog
  7640 | Sewer    | Reached skill level 5 in Maces & Flails
  7877 | D:6      | Reached XP level 10. HP: 94/94 MP: 9/9
  7928 | D:6      | Noticed Sigmund
  7930 | D:6      | Killed Sigmund
  8552 | D:7      | Found a flagged portal.
  8561 | D:7      | Found a sacrificial altar of Ru.
  8561 | D:7      | Found a glowing golden altar of the Shining One.
  8596 | Bailey   | Entered a bailey
  8870 | Bailey   | Noticed an orc sorcerer
  8900 | Bailey   | Killed an orc sorcerer
  8900 | Bailey   | Reached ***** piety under Trog
  9437 | Bailey   | Found an iron altar of Okawaru.
  9439 | Bailey   | Noticed an orc high priest
  9450 | Bailey   | Killed an orc high priest
  9660 | Bailey   | Acquired the +3 broad axe of Terra Nullius {freeze, Dex+3}
 10057 | D:7      | Reached skill level 12 in Axes
 10342 | D:7      | Noticed Dowan
 10345 | D:7      | Noticed Duvessa
 10348 | D:7      | Killed Dowan
 10350 | D:7      | Killed Duvessa
 10615 | D:7      | Noticed Maggie
 10616 | D:7      | Noticed Menkaure
 10626 | D:7      | Killed Maggie
 10626 | D:7      | Killed Menkaure
 10991 | D:8      | Found a staircase to the Lair.
 11140 | D:8      | Noticed a gargoyle
 11140 | D:8      | Noticed a cyclops
 11145 | D:8      | Reached XP level 11. HP: 71/102 MP: 10/10
 11188 | D:8      | Reached skill level 13 in Axes
 12215 | Lair:1   | Entered Level 1 of the Lair of Beasts
 12232 | Lair:1   | Reached skill level 14 in Axes
 12415 | Lair:1   | Received a gift from Trog
 12523 | Lair:1   | Noticed Gastronok
 12541 | Lair:1   | Killed from afar by Gastronok

Illustrated notes

Levels and vault maps discovered:
D:1:      lemuel_arrival_funnel, layout_rooms
D:2:      layout_loops_cross
D:3:      layout_basic, nicolae_kikubaaqudgha_miasma_corner
D:4:      layout_loops_ring, mainiacjoe_overflow_small_starburst,
          kennysheep_mini, minmay_temple_entry_statues, serial_demonic,
          serial_demonic_f, serial_demonic_b, serial_demonic_b, serial_demonic_f
D:5:      layout_basic, kennysheep_little_box, serial_co_window_serial,
          co_window_paths_a, co_window_corner_a, co_window_paths_b,
          co_window_corner_a, co_window_of_opportunity_a,
          co_window_of_opportunity_a, co_window_paths_a, co_window_corner_cb,
          co_window_corner_b, co_window_of_opportunity_b, co_window_corner_b,
          co_window_paths_d, co_window_sun, glass_columns_b, glass_columns_b,
          glass_columns_a, glass_columns_c, uniq_grinder
D:6:      layout_layer_cave, mainiacjoe_overflow_paths, portal_sewer_entry_d,
          uniq_sigmund
D:7:      layout_loops_corners, gammafunk_temple_overflow_wave, enter_bailey_6,
          uniq_maggie, uniq_duvessa, uniq_menkaure
D:8:      layout_cave_pods, lair_entry_dummy, kb_rosetta
Temple:   bh_familiar_temple
Lair:1:   layout_misc_corridors, gammafunk_ghost_cemetery, fungi_pond_lemuel,
          grunt_megastairs_5, uniq_gastronok

Skill      XL: |  1  2  3  4  5  6  7  8  9 10 11 |
---------------+----------------------------------+-----
Axes           | 4 5 6 7 9 11 12 14 | 14.6
Fighting       | 4 5 6 10 11 | 11.2
Evocations     | 2 3 |  3.9
Armour         | 7 8 9 |  9.0
Dodging        | 7 |  7.1
Maces & Flails | 5 7 |  7.2
Throwing       | |  0.2
Stealth        | |  0.3

Action                   |  1- 3 |  4- 6 |  7- 9 | 10-12 || total
-------------------------+-------+-------+-------+-------++-------
Melee: Hand axe          |    52 |    94 |    85 |       ||   231
       Headbutt          |     5 |    13 |    35 |    44 ||    97
       Flail             |       |       |   146 |    58 ||   204
       Punch             |       |       |     1 |     4 ||     5
       Broad axe         |       |       |       |   149 ||   149
       Eveningstar       |       |       |       |    28 ||    28
Throw: Stone             |     2 |     3 |    11 |     5 ||    21
       Throwing net      |       |       |       |     5 ||     5
Invok: Berserk           |     1 |     2 |     1 |     1 ||     5
       Trog's Hand       |       |       |     1 |     1 ||     2
Evoke: Wand              |       |    16 |     8 |    14 ||    38
  Use: Scroll            |       |     6 |     6 |     7 ||    19
       Potion            |       |     1 |     1 |     5 ||     7
Armor: Animal skin       |     2 |       |       |    25 ||    27
       Ring mail         |    16 |     3 |       |       ||    19
       Scale mail        |       |    20 |    65 |     6 ||    91
Dodge: Dodged            |    30 |    59 |   130 |   135 ||   354
